 Dungeon Crawl Stone Soup version 0.31.0-11-ge490571c62 (webtiles) character file.

Game seed: 10366382104234600994

221 Rassilon the Insei (level 5, -1/42 HPs)
             Began as a Demonspawn Monk on Feb 1, 2024.
             Slain by a mummy (15 damage)
             ... in an ossuary.
             The game lasted 00:09:32 (3269 turns).

Rassilon the Insei (Demonspawn Monk)                Turns: 3269, Time: 00:09:33

Health: -1/42      AC:  6    Str: 13    XL:     5   Next: 65%
Magic:  5/5        EV: 13    Int: 11    God:
Gold:   75         SH:  0    Dex: 15    Spells: 4/4 levels left

rFire   . .          .
                       - Unarmed
rCold   + . .        (no shield)
rNeg    . . .        m - +0 robe {rC+}
rPois   .            (no helmet)
rElec   .            j - +0 cloak
rCorr   .            u - +0 pair of gloves
SInv    .            (no boots)
Will    .....        (no amulet)
Stlth   +            (no ring)
HPRegen 0.27/turn    (no ring)
MPRegen 0.18/turn

%: no passive effects
@: confused, ambrosia-drunk
A: slimy green scales 1, magic regeneration, weakness stinger 1
a: no special abilities


You were in an ossuary.
You visited 1 branch of the dungeon, and saw 5 of its levels.
You also visited: Ossuary.

You collected 234 gold pieces.
You spent 159 gold pieces at shops.

Inventory:

Missiles
 q - 6 poisoned darts (quivered)
Armour
 j - a +0 cloak (worn)
 m - a +0 robe of cold resistance (worn)
 u - a +0 pair of gloves (worn)
Talismans
 k - a beast talisman
 n - a blade talisman
Scrolls
 a - 2 scrolls of amnesia
 c - 2 scrolls of vulnerability
 d - a scroll of fear
 e - a scroll of teleportation
 g - a scroll of revelation
 i - a scroll of noise {unknown}
 o - a scroll of immolation {unknown}
Potions
 f - 3 potions of curing
 h - a potion of might
 l - 2 potions of haste
 p - 2 potions of cancellation {unknown}
 r - 3 potions of enlightenment {unknown}
 s - a potion of degeneration {unknown}
 t - a potion of lignification {unknown}


   Skills:
 + Level 3.9 Fighting
 + Level 1.6 Throwing
 + Level 3.4 Dodging
 * Level 4.1 Unarmed Combat
 + Level 0.9 Shapeshifting


You had 4 spell levels left.
You didn't know any spells.
Your spell library was empty.

Dungeon Overview and Level Annotations

Branches:
Dungeon (5/15)            Ossuary (1/1)
 Temple: D:4-7

Altars:

Shops:
D:4 ?


Innate Abilities, Weirdness & Mutations

You are partially covered in slimy green scales. (AC +2)
You regenerate magic rapidly.
You have a small tail.


Message History

The hobgoblin zombie is almost destroyed.
You hit the hobgoblin zombie.
You destroy the hobgoblin zombie!
You hit the hobgoblin zombie.
The hobgoblin zombie is severely damaged.
The orc zombie hits you but does no damage.
The hobgoblin zombie hits you but does no damage.
You hit the hobgoblin zombie.
You destroy the hobgoblin zombie!
The orc zombie hits you but does no damage.
You hit the orc zombie. You tail-slap the orc zombie.
You destroy the orc zombie!
You hit the mummy but do no damage.
Your tail-slap misses the mummy.
The mummy misses you.
You barely miss the mummy. You hit the mummy but do no damage.
You punch the mummy.
The mummy is moderately damaged.
The mummy closely misses you. x2
You hit the mummy but do no damage.
The mummy is moderately damaged.
The mummy hits you but does no damage.
You barely miss the mummy.
You tail-slap the mummy, but do no damage.
The mummy is moderately damaged.
The mummy misses you. x2
You hit the mummy but do no damage. You tail-slap the mummy.
The mummy is heavily damaged.
The mummy hits you but does no damage.
You barely miss the mummy.
The mummy is heavily damaged.
The mummy misses you. x2; The mummy hits you!
You hit the mummy.
The mummy is severely damaged.
The mummy hits you!
You are confused.
You feel invigorated. The mummy hits you!
* * * LOW HITPOINT WARNING * * *
The mummy barely misses you.
You bump into the stone wall.
The mummy barely misses you. The mummy hits you!
You die...

#....#
#....#
#....#
#....#
#....#
#....#
#....#
#MM..#
#@M∩.#
######


You could see 3 mummies.

Vanquished Creatures
  A jelly (D:4)
  An iguana (D:4)
  An orc wizard (D:4)
  6 adders
  4 ribbon worms
  2 dart slugs
  2 orcs (D:4)
  6 ball pythons
  5 bats
  9 endoplasms
  A giant cockroach (D:2)
  5 goblins
  4 hobgoblins
  2 jackals (D:1)
  4 kobolds
  6 quokkas
  4 frilled lizards
  2 hobgoblin zombies (Ossuary)
  3 orc zombies (Ossuary)
  5 rats
73 creatures vanquished.

Notes
Turn   | Place    | Note
-------+----------+-------------------------------------------
     0 | D:1      | Rassilon the Demonspawn Monk began the quest for the Orb.
     0 | D:1      | Reached XP level 1. HP: 18/18 MP: 1/1
   144 | D:1      | Gained mutation: You are partially covered in slimy green
                  | scales. (AC +2) [demonic ancestry]
   144 | D:1      | Reached XP level 2. HP: 22/24 MP: 2/2
   188 | D:1      | Reached skill level 3 in Unarmed Combat
   738 | D:2      | Gained mutation: You regenerate magic rapidly. [demonic
                  | ancestry]
   738 | D:2      | Reached XP level 3. HP: 29/29 MP: 3/3
  1193 | D:2      | Gained mutation: You have a small tail. [demonic ancestry]
  1193 | D:2      | Reached XP level 4. HP: 24/35 MP: 4/4
  1597 | D:3      | Reached skill level 1 in Throwing
  2372 | D:4      | Found Uthrys's Magic Scroll Emporium.
  2381 | D:4      | Bought a scroll of teleportation for 33 gold pieces
  2381 | D:4      | Bought a scroll of vulnerability for 44 gold pieces
  2381 | D:4      | Bought a scroll of revelation for 82 gold pieces
  2453 | D:4      | Reached XP level 5. HP: 29/42 MP: 5/5
  2595 | D:4      | Reached skill level 4 in Unarmed Combat
  3199 | D:5      | Entered Level 5 of the Dungeon
  3211 | D:5      | Found a sand-covered staircase.
  3216 | Ossuary  | Entered an ossuary
  3269 | Ossuary  | Slain by a mummy

Illustrated notes

Levels and vault maps discovered:
D:1:      mrwooster_arrival_statue_3, layout_basic
D:2:      layout_basic, kennysheep_generic_room_16
D:3:      layout_loops_corners, serial_park_tiny_2
D:4:      layout_loops_ring, serial_shops, shop
D:5:      layout_gridville, nicolae_ru_great_annihilating_truth,
          minmay_temple_entry_proselytizer, enter_ossuary_2, uniq_duvessa,
          uniq_grinder
Ossuary:  ossuary_tomb_3

Skill      XL: |  1  2  3  4  5 |
---------------+----------------+-----
Unarmed Combat | 3 4 |  4.1
Dodging        | 3 |  3.4
Throwing       | 1 |  1.6
Fighting       | |  3.9
Shapeshifting  | |  0.9

Action                     |  1- 3 |  4- 6 || total
---------------------------+-------+-------++-------
  Melee: Unarmed           |   101 |   145 ||   246
         Tailslap          |       |    23 ||    23
         Punch             |       |     1 ||     1
  Throw: Stone             |    23 |       ||    23
         Throwing net      |     2 |       ||     2
         Dart              |       |     4 ||     4
    Use: Scroll            |       |     9 ||     9
         Potion            |       |     2 ||     2
   Stab: Sleeping          |       |     2 ||     2
 Armour: Robe              |    26 |    66 ||    92
         Leather armour    |    16 |       ||    16
  Dodge: Dodged            |    63 |    95 ||   158
